 Dungeon Crawl Stone Soup version 0.26-a0-154-g3d63440f56 (console) character file.

Game seed: 10451855063385090476

469 bli the Chopper (level 7, -1/55 HPs)
             Began as a Formicid Fighter on June 28, 2020.
             Was an Initiate of Ru.
             Slain by a quokka (2 damage)
             ... summoned by Eustachio
             ... in the Ecumenical Temple on June 30, 2020.
             The game lasted 00:17:51 (3904 turns).

bli the Chopper (Formicid Fighter)                  Turns: 3904, Time: 00:17:51

Health: -1/55      AC:  7    Str: 20      XL:     7   Next: 30%
Magic:  7/7        EV:  8    Int:  8      God:    Ru [......]
Gold:   101        SH:  9    Dex:  9 (12) Spells: 6/6 levels left

rFire    . . .     SeeInvis +   a - +0 war axe
rCold    . . .     Faith    .   c - +0 kite shield
rNeg     . . .     Spirit   .   e - +0 scale mail
rPois    .         Reflect  .   (helmet unavailable)
rElec    .         Harm     .   (no cloak)
rCorr    .                      (no gloves)
MR       .....                  (no boots)
Stlth    ..........             (no amulet)
HPRegen  0.18/turn              (no ring)
MPRegen  0.10/turn              (no ring)

@: flying
A: permanent stasis, dig shafts and tunnels, four strong arms, antennae 3
a: Dig, Shaft Self, Renounce Religion


You were in the Ecumenical Temple.
You worshipped Ru.
Ru was noncommittal.
You were hungry.

You visited 2 branches of the dungeon, and saw 5 of its levels.
You also visited: Sewer.

You collected 101 gold pieces.

Inventory:

Hand Weapons
 a - a +0 war axe (weapon)
 b - a +2 antimagic hand axe
Missiles
 g - 6 poisoned darts (quivered)
 m - 86 stones
Armour
 c - a +0 kite shield (worn)
 e - a +0 scale mail (worn)
 h - a +0 ring mail
 p - a cursed +0 plate armour
 y - a +0 chain mail
 A - a +0 robe of fire resistance
 C - a +0 buckler
Wands
 t - a wand of clouds (7)
 z - a wand of random effects (24)
Scrolls
 i - a scroll of amnesia {unknown}
 k - 2 scrolls of random uselessness {unknown}
 l - a scroll of immolation {unknown}
 n - 3 scrolls of identify {unknown}
 o - 2 scrolls of remove curse {unknown}
 r - a scroll of noise {unknown}
 s - a scroll of teleportation {unknown}
Potions
 d - 3 potions of might
 j - 5 potions of flight
 q - 2 potions of stabbing {unknown}
 u - a potion of brilliance {unknown}
 v - 3 potions of curing
 w - 4 potions of heal wounds {unknown}
Comestibles
 f - 8 rations
 x - a chunk of flesh


   Skills:
 + Level 4.4 Fighting
 * Level 5.2 Axes
 * Level 4.7 Armour
 + Level 1.0 Dodging
 + Level 4.8 Shields


You had 6 spell levels left.
You didn't know any spells.
Your spell library was empty.

Dungeon Overview and Level Annotations

Branches:
Dungeon (4/15)             Temple (1/1) D:4           Sewer (visited)

Altars:
Ashenzari
Cheibriados
Dithmenos
Elyvilon
Fedhas
Gozag
Hepliaklqana
Kikubaaqudgha
Makhleb
Okawaru
Qazlal
Ru
Sif Muna
Uskayaw
Vehumet
Wu Jian
Yredelemnul
Zin
The Shining One

Annotations:
D:4 Robin
Temple Eustachio


Innate Abilities, Weirdness & Mutations

You cannot be hasted, slowed, berserked, paralysed or teleported.
You can dig through walls and to a lower floor.
Your four strong arms can wield two-handed weapons with a shield.
You have a pair of large antennae on your head. (SInv)


Message History

The quasit bites you but does no damage.
The quasit claws you.
* * * LOW HITPOINT WARNING * * *
You feel clumsy.
The quasit claws you but does no damage.
You block Eustachio's attack.
The quokka bites you but does no damage.
You block the quasit's attack. The quasit barely misses you.
The quasit claws you but does no damage.
Eustachio hits you with a +2 vampiric falchion.
* * * LOW HITPOINT WARNING * * *
Eustachio draws strength from your wounds!
You block the quokka's attack.
You closely miss Eustachio.
Eustachio is moderately wounded.
You closely miss the quasit. You hit the quokka but do no damage.
The quasit barely misses you. The quasit closely misses you.
The quasit claws you but does no damage.
The quokka bites you.
You die...

..≈≈≈≈≈≈≈≈≈≈≈≈≈≈≈≈≈≈≈≈≈≈≈≈≈≈≈..§≈
_.≈≈≈≈≈≈≈≈≈≈≈≈...≈≈≈≈≈≈≈≈≈≈≈≈._.≈
..≈≈≈≈≈...≈≈≈≈._.≈≈≈≈...≈≈≈≈≈...≈
≈≈≈≈≈≈≈._.≈≈≈≈...≈≈≈((((≈≈≈≈≈≈≈≈≈
≈≈≈≈≈≈≈...≈≈≈≈≈≈≈≈≈≈≈...≈≈≈≈≈≈≈≈≈
...≈≈≈≈≈≈≈≈≈≈≈≈≈≈≈≈≈≈≈≈≈≈≈≈≈...≈≈
._.≈≈≈≈≈≈≈≈≈≈≈≈≈≈≈≈≈(≈≈≈≈≈≈≈.⌠.≈≈
...≈≈≈≈≈≈≈≈≈≈≈≈≈≈≈≈≈≈≈≈≈≈≈≈≈...≈≈
≈≈≈≈≈≈≈≈≈≈≈≈≈≈...≈≈≈≈≈≈≈≈≈≈≈≈≈≈≈≈
≈≈≈≈≈≈...≈≈≈≈.).5@§≈≈≈...≈≈≈≈≈≈≈≈
≈≈≈≈≈≈._.≈≈≈≈.§<@.§≈≈≈._.≈≈≈≈≈≈≈≈
≈≈≈≈≈≈...≈≈≈≈....r≈≈≈≈...≈≈≈≈≈≈≈≈
≈≈≈≈≈≈≈≈≈≈≈≈≈≈...≈≈≈≈≈≈≈≈≈≈≈≈≈≈≈≈
...≈≈≈≈≈≈≈≈≈≈≈≈≈≈≈≈≈≈≈≈≈≈≈≈≈...≈≈
.⌠.≈≈≈≈≈≈≈≈≈≈≈≈≈≈≈≈≈≈≈≈≈≈≈≈≈._.≈≈
...≈≈≈≈≈≈≈≈≈≈≈≈≈≈≈≈≈≈≈≈≈≈≈≈≈...≈≈
≈≈≈≈≈≈≈...≈≈≈≈≈≈≈≈≈≈≈...≈≈≈≈≈≈≈≈≈
≈≈≈≈≈≈≈.⌠.≈≈≈≈...≈≈≈≈._.≈≈≈≈≈≈≈≈≈
..≈≈≈≈≈...≈≈≈≈._.≈≈≈≈...≈≈≈≈≈...≈
_.≈≈≈≈≈≈≈≈≈≈≈≈...≈≈≈≈≈≈≈≈≈≈≈≈._.§
..≈≈≈≈≈≈≈≈≈≈≈≈≈≈≈≈≈≈≈≈≈≈≈≈≈≈≈...≈


You could see Eustachio, a quasit (summoned) and a quokka (summoned).

Vanquished Creatures
  A big kobold (Sewer)
  2 orc wizards
  A hound (D:4)
  A worker ant (D:3)
  9 adders
  5 river rats
  2 oozes
  A worm (D:2)
  4 leopard geckos
  12 orcs
  6 ball pythons
  7 bats
  7 giant cockroaches
  17 goblins
  8 hobgoblins
  5 jackals (D:1)
  25 kobolds
  9 frilled lizards
  27 rats
149 creatures vanquished.

Notes
Turn   | Place    | Note
-------+----------+-------------------------------------------
     0 | D:1      | bli the Formicid Fighter began the quest for the Orb.
     0 | D:1      | Reached XP level 1. HP: 18/18 MP: 1/1
    38 | D:1      | Reached XP level 2. HP: 23/24 MP: 2/2
   220 | D:1      | Reached XP level 3. HP: 29/29 MP: 3/3
   817 | D:2      | Reached XP level 4. HP: 37/37 MP: 4/4
  1009 | D:2      | Found a white marble altar of Elyvilon.
  1018 | D:2      | Reached skill level 3 in Axes
  1674 | D:3      | Reached XP level 5. HP: 32/42 MP: 5/5
  1891 | D:3      | Found a glowing drain.
  1895 | Sewer    | Entered a sewer
  1913 | Sewer    | Upgraded the game from 0.26-a0-118-g49ad78631c to
                  | 0.26-a0-154-g3d63440f56
  2064 | Sewer    | Reached skill level 4 in Axes
  2398 | Sewer    | Reached XP level 6. HP: 48/48 MP: 6/6
  3075 | D:3      | Reached skill level 5 in Axes
  3075 | D:3      | Reached XP level 7. HP: 54/54 MP: 7/7
  3418 | D:4      | Reached skill level 1 in Dodging
  3646 | D:4      | Found a staircase to the Ecumenical Temple.
  3655 | Temple   | Entered the Ecumenical Temple
  3832 | Temple   | Became a worshipper of Ru the Awakened
  3856 | D:4      | Noticed Robin
  3857 | D:4      | Noticed Eustachio
  3903 | Temple   | HP: 1/55 [Eustachio/+2 vampiric falchion (2)]
  3904 | Temple   | Slain by a quokka

Illustrated notes

Levels and vault maps discovered:
D:1:      dpeg_arrival_arbitrary_c, layout_basic
D:2:      layout_rooms, elyvilon_altar_1
D:3:      layout_basic, gup_sewer_entry_spiral
D:4:      layout_cave_pools, minmay_temple_entry_antechambers, first_ration,
          uniq_eustachio, uniq_robin, uniq_ijyb
Temple:   regret_index_temple_mists

Skill      XL: |  1  2  3  4  5  6  7 |
---------------+----------------------+-----
Shields        | 4 |  4.8
Axes           | 3 4 5 |  5.2
Armour         | 4 |  4.7
Fighting       | 4 |  4.4
Dodging        | 1 |  1.0

Action                   |  1- 3 |  4- 6 |  7- 9 || total
-------------------------+-------+-------+-------++-------
Melee: War axe           |    85 |   258 |    58 ||   401
Throw: Javelin           |     1 |    11 |     4 ||    16
       Dart              |       |     6 |    11 ||    17
 Abil: Dig               |     2 |    11 |       ||    13
  Use: Potion            |       |       |     2 ||     2
  Eat: Chunk             |       |     9 |     2 ||    11
Armor: Scale mail        |    48 |   102 |    42 ||   192
Dodge: Dodged            |    35 |    89 |    33 ||   157
Block: Kite shield       |    54 |   115 |    46 ||   215

Table legend:
 A = Non-vault XP
 B = Vault XP
 C = Vault XP percentage of total XP
 D = Non-vault monster count
 E = Vault monster count
 F = Vault count percentage of total count
                 A         B        C        D         E       F
            +---------+---------+-------+---------+---------+-------
      Total |     379 |     291 |  43.4 |      85 |      64 |  43.0
            +---------+---------+-------+---------+---------+-------
        D:1 |      60 |       0 |   0.0 |      31 |       0 |   0.0
        D:2 |      58 |       0 |   0.0 |      22 |       0 |   0.0
        D:3 |     163 |      26 |  13.8 |      24 |       7 |  22.6
        D:4 |      97 |      14 |  12.6 |       7 |       8 |  53.3
     Temple |       1 |       2 |  66.7 |       1 |       1 |  50.0
      Sewer |       0 |     249 | 100.0 |       0 |      48 | 100.0
            +---------+---------+-------+---------+---------+-------
